 Dungeon Crawl Stone Soup version 0.29.1-15-g9cfb28693d (webtiles) character file.

Game seed: 18059520159260932366

11 sentinel the Digger (level 2, -1/20 HPs)
             Began as a Meteoran Earth Elementalist on July 28, 2023.
             Slain by a ball python (2 damage)
             ... on level 1 of the Dungeon.
             The game lasted 00:00:23 (159 turns).

sentinel the Digger (Meteoran Earth Elementalist)    Turns: 159, Time: 00:00:24

Health: -1/20      AC:  2    Str:  9    XL:     2   Next: 52%
Magic:  0/6        EV:  9    Int: 16    God:
Gold:   0          SH:  0    Dex: 14    Spells: 5/6 levels left

rFire   . . .      SeeInvis .   (no weapon)
rCold   . . .      Faith    .   (no shield)
rNeg    . . .      Spirit   .   a - +0 robe
rPois   .          Reflect  .   (no helmet)
rElec   .          Harm     .   (no cloak)
rCorr   .          Rampage  .   (no gloves)
Will    .....                   (no boots)
Stlth   +.........              (no amulet)
HPRegen 0.06/turn               (no ring)
MPRegen 0.10/turn               (no ring)

@: glowing, constricted
A: sense surroundings 1, otherworldly, glowing, explore regen
a: no special abilities


You were on level 1 of the Dungeon.
You visited 1 branch of the dungeon, and saw 1 of its levels.

Inventory:

Armour
 a - a +0 robe (worn)
Scrolls
 c - a scroll of enchant weapon {unknown}
 d - 2 scrolls of identify {unknown}
Potions
 b - a potion of magic
 e - a potion of mutation {unknown}


   Skills:
 - Level 2.4 Dodging
 - Level 1.4 Stealth
 - Level 2.6 Spellcasting
 - Level 1.2 Transmutations
 + Level 4.4 Earth Magic


You had 5 spell levels left.
You knew the following spells:

 Your Spells              Type           Power      Damage    Failure   Level
a - Sandblast             Erth           32%        2d9       3%          1

Your spell library contained the following spells:

 Spells                   Type           Power      Damage    Failure   Level
 Passwall                 Tmut/Erth      9%         N/A       9%          2
 Stone Arrow              Conj/Erth      18%        3d8       24%         3
 Petrify                  Tmut/Erth      11%        N/A       52%         4


Dungeon Overview and Level Annotations

Branches:
Dungeon (1/15) Zot: 432

Altars:


Innate Abilities, Weirdness & Mutations

You passively map a small area around you.
You are easily found by Zot.
You glow in the dark.
You regain HP and MP as you explore.


Message History

You can't see any susceptible monsters within range! (Use Z to cast anyway.)
You can't see any susceptible monsters within range! (Use Z to cast anyway.)
You can't see any susceptible monsters within range! (Use Z to cast anyway.)
You can't see any susceptible monsters within range! (Use Z to cast anyway.)
d - 2 scrolls labelled DEKUGE JE IPP (gained 1)
You open the door.
A rat comes into view.
The rat bites you.
There is an open door here.
The blast of sand hits the rat!
You kill the rat!
You have reached level 2!
You open the door.
Found 14 gold pieces.
You open the door.
Found 11 gold pieces.
You open the door.
A rat comes into view.
But you're not safe! But you're not safe! But you're not safe!
But you're not safe! But you're not safe! But you're not safe!
But you're not safe! But you're not safe! But you're not safe!
But you're not safe! But you're not safe! But you're not safe!
But you're not safe! But you're not safe! But you're not safe!
But you're not safe! But you're not safe! But you're not safe!
But you're not safe!
The blast of sand hits the rat!
You kill the rat!
You can't see any susceptible monsters within range! (Use Z to cast anyway.)
You can't see any susceptible monsters within range! (Use Z to cast anyway.)
You can't see any susceptible monsters within range! (Use Z to cast anyway.)
You can't see any susceptible monsters within range! (Use Z to cast anyway.)
You can't see any susceptible monsters within range! (Use Z to cast anyway.)
You open the door.
Found 18 gold pieces.
A hobgoblin comes into view.
But you're not safe! But you're not safe! But you're not safe!
But you're not safe! But you're not safe! But you're not safe!
But you're not safe!
You can't see any susceptible monsters within range! (Use Z to cast anyway.)
You can't see any susceptible monsters within range! (Use Z to cast anyway.)
The blast of sand hits the hobgoblin.
The hobgoblin is severely wounded.
The blast of sand misses the hobgoblin.
The hobgoblin hits you.
The blast of sand hits the hobgoblin!
You kill the hobgoblin!
You can't see any susceptible monsters within range! (Use Z to cast anyway.)
You can't see any susceptible monsters within range! (Use Z to cast anyway.)
You can't see any susceptible monsters within range! (Use Z to cast anyway.)
You can't see any susceptible monsters within range! (Use Z to cast anyway.)
You can't see any susceptible monsters within range! (Use Z to cast anyway.)
You can't see any susceptible monsters within range! (Use Z to cast anyway.)
You see here a hobgoblin corpse.
HP restored.
A jackal comes into view.
The jackal barks!
You hear an angry hiss. x2
A jackal comes into view. 2 ball pythons and a jackal come into view.
The ball python hisses angrily. x2; The jackal barks! x2
A jackal comes into view.
The ball python moves out of view.
The blast of sand hits the jackal!
You kill the jackal!
The jackal barks!
The blast of sand hits the jackal.
The jackal is heavily wounded.
The jackal bites you but does no damage.
The blast of sand hits the jackal!
You kill the jackal!
The jackal bites you but does no damage.
You are out of magic!
You are out of magic!
You are out of magic!
You are out of magic!
You are out of magic!
You are out of magic!
You are out of magic!
You are out of magic!
You are out of magic!
You are out of magic!
You are out of magic!
You are out of magic!
You are out of magic!
You are out of magic!
You are out of magic!
You are out of magic!
You are out of magic!
You hit the jackal.
The jackal is moderately wounded.
The jackal bites you. x4
The blast of sand hits the jackal!
You kill the jackal!
The jackal bites you. The jackal closely misses you.
You are out of magic!
You are out of magic!
You are out of magic!
You are out of magic!
You are out of magic!
You are out of magic!
You are out of magic!
You are out of magic!
You are out of magic!
You hit the jackal but do no damage. The ball python misses you.
The ball python grabs you. The ball python constricts you.
The jackal bites you but does no damage.
The ball python bites you.
You hit the jackal.
The jackal is heavily wounded.
The jackal bites you but does no damage.
The ball python barely misses you. The ball python constricts you.
The ball python bites you but does no damage.
The jackal bites you. The ball python barely misses you.
The ball python constricts you.
You closely miss the jackal.
The jackal is heavily wounded.
The ball python bites you. The jackal misses you. The ball python bites you.
The ball python constricts you.
You hit the jackal.
The jackal is almost dead.
The ball python bites you. The jackal barely misses you.
The ball python closely misses you. The ball python constricts you.
The jackal bites you.
The ball python bites you but does no damage.
HP warning!
You hit the jackal but do no damage.
The jackal is severely wounded.
The ball python closely misses you. The ball python constricts you.
The jackal bites you.
* * * LOW HITPOINT WARNING * * *
The ball python barely misses you.
HP warning!
You hit the jackal but do no damage.
The jackal is severely wounded.
The ball python bites you.
You die...

* * , , * * ##.#.
, * *, #.... * , *
...., * ###... , ,
#.... * ,.## #...
, ..# #Sh#+ + #..
* #S@#, #.#*
##.###########.#
#†#$#.#$#$#†#.##
#.#'#†#'#'#'#†.#
#..............###
#########.........
###..##### #..#
#..#


You could see a jackal and 2 ball pythons.

Vanquished Creatures
  A giant cockroach (D:1)
  A hobgoblin (D:1)
  3 jackals (D:1)
  2 ball pythons (D:1)
  A bat (D:1)
  2 rats (D:1)
10 creatures vanquished.

Notes
Turn   | Place    | Note
-------+----------+-------------------------------------------
     0 | D:1      | sentinel the Meteoran Earth Elementalist began the quest
                  | for the Orb.
     0 | D:1      | Reached XP level 1. HP: 14/14 MP: 5/5
   123 | D:1      | Reached skill level 4 in Earth Magic
   128 | D:1      | Reached XP level 2. HP: 17/20 MP: 1/6
   158 | D:1      | HP: 1/20 [jackal (2)]
   159 | D:1      | Slain by a ball python

Illustrated notes

Levels and vault maps discovered:
D:1:      wheals_arrival_linesprint, layout_loops_ring, serial_shops, shop,
          minmay_misc_feat_room, st_stairs_7, minivault_23,
          minmay_rat_gold_closets

Skill      XL: |  1 |
---------------+----+-----
Earth Magic    | 4 |  4.4
Dodging        | |  2.4
Stealth        | |  1.4
Spellcasting   | |  2.6
Transmutations | |  1.2

Action                   || total
-------------------------++-------
Melee: Unarmed           ||     7
 Cast: Sandblast         ||    16
Armor: Robe              ||     9
Dodge: Dodged            ||    11
